Match 46230647
Unlisted

Match 46230647
End
Royal Engineer Section
Selects Air and Sea Battlegroup
Construct Section Command Post
Dingo Light Scout Car
Vickers Machine Gun Team
Infantry Section
Selects Supply Surplus
Selects Supply Surplus
Construct Resource Cache
Construct Resource Cache
Construct Resource Cache
Selects Commando Section Paradrop
Commando Section Paradrop
Construct Platoon Command Post
Selects M1 Pack Howitzer Paradrop
M1 Pack Howitzer Paradrop
Construct Company Command Post
Matilda II Heavy Tank
6-pounder Anti-tank Gun Team
Royal Engineer Section
Unlock M3 Grant Medium Tanks
M3 Grant Medium Tank
Royal Engineer Section
Commando Section Paradrop
Grenade Package
Selects UNKNOWN (223837)
Selects Naval Bombardment
M3 Grant Medium Tank
Commando Section Paradrop
Selects Anti-tank Rocket Loiter
M3 Grant Medium Tank
Naval Bombardment
Unlock Towed 17-pounder Anti-tank Guns
17-pounder Anti-tank Gun Team
Armored Vehicle Training
LITTLE TRICKSTER
GAF_Thom_Yorke
Da Cracka Whacka
ndydfeixing
fokepo
TheTableau
0
0

Comments sign in to comment!

No comments posted yet!